 Dungeon Crawl Stone Soup version 0.28-a0-1506-g3893175d92 (webtiles) character file.

Game seed: 3162249193936748240

49 HallandMoats the Skirmisher (level 3, -10/31 HPs)
             Began as a Ghoul Fighter on Jan 14, 2022.
             Killed from afar by Ijyb (13 damage)
             ... with a puff of flame
             ... on level 3 of the Dungeon.
             The game lasted 00:01:41 (1726 turns).

HallandMoats the Skirmisher (Ghoul Fighter)         Turns: 1726, Time: 00:01:41

Health: -10/31     AC:  7    Str: 19    XL:     3   Next: 77%
Magic:  2/2        EV:  9    Int:  5    God:
Gold:   98         SH:  4    Dex:  8    Spells: 2/2 levels left

rFire   . . .      SeeInvis .   a - +0 long sword
rCold   + . .      Faith    .   c - +0 buckler
rNeg    + + +      Spirit   .   b - +0 scale mail
rPois   ∞          Reflect  .   m - +0 helmet
rElec   .          Harm     .   (no cloak)
rCorr   .          Rampage  .   (no gloves)
Will    .....                   (no boots)
Stlth   ..........              (no amulet)
HPRegen 0.00/turn               (no ring)
MPRegen 0.08/turn               (no ring)

@: mighty, inhibited regen
A: claws 1, cold resistance 1, negative energy resistance 3, inhibited
regeneration, torment resistance 2
a: no special abilities


You were on level 3 of the Dungeon.
You visited 1 branch of the dungeon, and saw 3 of its levels.

You collected 98 gold pieces.

Inventory:

Hand Weapons
 a - a +0 long sword (weapon)
Armour
 b - a +0 scale mail (worn)
 c - a +0 buckler (worn)
 m - a +0 helmet (worn)
Scrolls
 e - a scroll of amnesia {unknown}
 f - 3 scrolls of blinking {unknown}
 h - a scroll of immolation {unknown}
 i - a scroll of identify {unknown}
 j - 2 scrolls of teleportation {unknown}
 k - 3 scrolls of torment {unknown}
 n - a scroll of magic mapping {unknown}
 o - a scroll of fear {unknown}
Potions
 g - a potion of ambrosia {unknown}
 l - a potion of mutation {unknown}


   Skills:
 + Level 3.5 Fighting
 + Level 2.2 Long Blades
 + Level 2.8 Armour
 + Level 0.7 Dodging
 * Level 3.3 Shields
 + Level 0.9 Invocations


You had 2 spell levels left.
You didn't know any spells.
Your spell library was empty.

Dungeon Overview and Level Annotations

Branches:
Dungeon (3/15)

Altars:

Shops:
D:2 [

Annotations:
D:3 Ijyb


Innate Abilities, Weirdness & Mutations

You thrive by killing the living.
You are immune to poison.
You have sharp fingernails.
Your flesh is cold resistant. (rC+)
You are immune to negative energy. (rN+++)
You do not regenerate when monsters are visible.
You are immune to unholy pain and torment.


Message History

The ufetubus hits you.
* * * LOW HITPOINT WARNING * * *
You miss the ufetubus. The ufetubus barely misses you. The ufetubus hits you.
* * * LOW HITPOINT WARNING * * *
You block the ufetubus's attack. The ufetubus hits you.
* * * LOW HITPOINT WARNING * * *
You slash the ufetubus!
You kill the ufetubus!
You hit the hobgoblin.
You kill the hobgoblin!
You hit the hobgoblin but do no damage.
The hobgoblin hits you but does no damage.
You barely miss the hobgoblin. The hobgoblin hits you.
* * * LOW HITPOINT WARNING * * *
The hobgoblin hits you but does no damage.
You barely miss the hobgoblin. The hobgoblin closely misses you.
You barely miss the hobgoblin. The hobgoblin barely misses you.
You closely miss the hobgoblin.
The hobgoblin hits you but does no damage.
You closely miss the hobgoblin. The hobgoblin hits you.
* * * LOW HITPOINT WARNING * * *
The hobgoblin closely misses you.
You hit the hobgoblin but do no damage.
The hobgoblin hits you but does no damage.
You slash the hobgoblin!
You kill the hobgoblin!
You see here a hobgoblin corpse.
You see here a giant cockroach corpse.
You open the door.
There is an open door here.
Ijyb the Twisted Goblin comes into view.
She is wielding a +0 club and carrying a wand of flame (6).
Ijyb shouts!
Ijyb hits you but does no damage.
You feel very mighty all of a sudden. Ijyb closely misses you.
You barely miss Ijyb. Ijyb misses you. Ijyb hits you but does no damage.
You hit Ijyb.
Ijyb is moderately wounded.
Ijyb zaps a wand.
The puff of flame hits you!
You die...

###### #.....
###.....
######.......
#............
#............
########.......###..
#..@g............'.†
##.....#####.##.##..
+.....+.....)#.####
#.....#####....#
#.....##......##
#.....##.####.#
#.....##.# #.##
#.....##.####..#
#.##.##.##


You could see Ijyb.

Vanquished Creatures
  An ufetubus (D:3)
  A dart slug (D:2)
  An orc (D:3)
  5 endoplasms
  2 giant cockroaches
  6 goblins
  5 hobgoblins
  2 kobolds
  A quokka (D:2)
  2 ball pythons
  5 bats (D:1)
  3 frilled lizards
  3 rats
37 creatures vanquished.

Notes
Turn   | Place    | Note
-------+----------+-------------------------------------------
     0 | D:1      | HallandMoats the Ghoul Fighter began the quest for the Orb.
     0 | D:1      | Reached XP level 1. HP: 19/19 MP: 0/0
   265 | D:1      | Reached XP level 2. HP: 26/26 MP: 1/1
   892 | D:2      | Found Aquja's Armour Shoppe.
   967 | D:2      | Reached XP level 3. HP: 31/31 MP: 2/2
  1699 | D:3      | HP: 1/31 [hobgoblin (2)]
  1719 | D:3      | Noticed Ijyb
  1726 | D:3      | Killed from afar by Ijyb

Illustrated notes

Levels and vault maps discovered:
D:1:      kennysheep_arrival_seaside, layout_loops_cross,
          chequers_serial_rivers_micro_b, minmay_strange_pillars,
          minmay_misc_feat_roman, minmay_close_crescents
D:2:      layout_basic, serial_shops, nicolae_diamond_shop, minmay_hedge_maze,
          hangedman_decor_lopped
D:3:      layout_basic, nicolae_wormholes, uniq_ijyb

Skill      XL: |  1  2 |
---------------+-------+-----
Long Blades    | 2 |  2.2
Shields        | 3 |  3.3
Fighting       | |  3.5
Armour         | |  2.8
Dodging        | |  0.7
Invocations    | |  0.9

Action                   || total
-------------------------++-------
Melee: Long sword        ||   118
  Use: Potion            ||     1
Armor: Scale mail        ||    62
Dodge: Dodged            ||    52
Block: Buckler           ||    31

Table legend: (Time is in decaauts)
 A = Elapsed time spent in this place.
 B = Non-inter-level travel time spent in this place.
 C = Inter-level travel time spent in this place.
 D = Time resting spent in this place.
 E = Time spent auto-exploring this place.
 F = Levels seen in this place.
 G = Mean time per level.
                   A        B        C        D        E       F      G
               +--------+--------+--------+--------+--------+-----+--------+
         Total |   1769 |   1655 |    114 |      0 |   1341 |   3 |  589.7 |
       Dungeon |   1769 |   1655 |    114 |      0 |   1341 |   3 |  589.7 |
               +--------+--------+--------+--------+--------+-----+--------+

Top non-repeatable levels by time:
     D:1: 795 daAuts
     D:2: 765 daAuts
     D:3: 208 daAuts
